 Dungeon Crawl Stone Soup version 0.28.0-53-g5a82cb258f (webtiles) character file.

Game seed: 4744280681430591452

16066 issech the Cleaver (level 12, 0/73 HPs)
             Began as a Minotaur Monk on June 6, 2022.
             Was a Priest of Hepliaklqana.
             Slain by a thrashing horror (3 damage)
             ... on level 1 of the Abyss.
             The game lasted 00:49:57 (11590 turns).

issech the Cleaver (Minotaur Monk)                 Turns: 11590, Time: 00:49:57

Health: 0/73       AC: 21    Str: 11    XL:     12   Next: 6%
Magic:  0/11       EV:  5    Int:  7    God:    Hepliaklqana [***...]
Gold:   703        SH:  5    Dex: 19    Spells: 12/12 levels left

rFire   . . .      SeeInvis .   A - +1 war axe
rCold   . . .      Faith    .   a - +0 buckler
rNeg    + . .      Spirit   +   m - +0 plate armour
rPois   .          Reflect  .   (helmet restricted)
rElec   .          Harm     .   E - +0 cloak
rCorr   .          Rampage  .   v - +0 pair of gloves
Will    .....                   (no boots)
Stlth   ..........              R - amulet of guardian spirit
HPRegen 0.22/turn               q - ring of positive energy
MPRegen 0.12/turn               f - +4 ring of protection

@: unable to read
A: reduced essence, horns 2, retaliatory headbutt, [frail 2], [weak 2],
[inability to read while threatened]
a: Renounce Religion, Recall Ancestor, Ancestor Identity, Transference


You were on level 1 of the Abyss.
You worshipped Hepliaklqana.
Hepliaklqana was most pleased with you.
You visited 2 branches of the dungeon, and saw 12 of its levels.
You visited the Abyss 1 time.

You collected 703 gold pieces.

Inventory:

Hand Weapons
 j - a +2 vorpal flail
 o - a +4 dagger of chaos
 A - a +1 war axe (weapon)
 H - a +0 shortbow
 J - a +1 flail of protection
 Q - a +1 hunting sling of freezing
 V - a +0 broad axe
Missiles
 e - 227 arrows
 h - 328 stones
 k - a curare-tipped dart
 y - 65 sling bullets
 z - 8 boomerangs (quivered)
 O - 8 poisoned darts
 S - 21 bolts
Armour
 a - a +0 buckler (worn)
 m - a +0 plate armour (worn)
 t - a +3 ring mail of positive energy
 v - a +0 pair of gloves (worn)
 x - an orb of wrath
 B - a +0 ring mail of poison resistance
 E - a +0 cloak (worn)
Jewellery
 f - a +4 ring of protection (right hand)
 q - a ring of positive energy (left hand)
 w - a ring of ice
 C - a +6 ring of intelligence
 R - an amulet of guardian spirit (around neck)
Wands
 b - a wand of digging (3)
 n - a wand of iceblast (5)
 L - a wand of polymorph (5)
 U - a wand of mindburst (7)
 X - a wand of flame (26)
Scrolls
 c - a scroll of amnesia
 d - 3 scrolls of teleportation
 p - 4 scrolls of fear
 D - a scroll of enchant weapon
 M - a scroll of summoning
 N - 2 scrolls of blinking
Potions
 g - 3 potions of flight {unknown}
 i - 2 potions of haste {unknown}
 l - 5 potions of curing {unknown}
 r - 3 potions of heal wounds {unknown}
 s - 3 potions of ambrosia {unknown}
 u - a potion of berserk rage
 F - a potion of invisibility {unknown}
 G - 3 potions of brilliance
 I - a potion of magic {unknown}
 K - a potion of resistance {unknown}
 P - 2 potions of attraction {unknown}
 W - 2 potions of mutation {unknown}
 Z - a potion of lignification {unknown}


   Skills:
 + Level 9.4 Fighting
 + Level 1.2(1.5) Short Blades
 + Level 1.4(1.8) Long Blades
 + Level 13.3(13.5) Axes
 + Level 2.6(9.1) Maces & Flails
 + Level 1.4(8.8) Polearms
 + Level 1.4(2.5) Staves
 + Level 5.4(5.7) Slings
 + Level 1.2 Bows
 + Level 1.2 Crossbows
 + Level 2.2(3.8) Throwing
 + Level 9.2 Armour
 + Level 6.5 Dodging
 + Level 4.5 Stealth
 + Level 3.2 Shields
 + Level 1.7 Unarmed Combat
 + Level 0.6 Spellcasting
 + Level 0.7 Conjurations
 + Level 0.6 Hexes
 + Level 0.7 Summonings
 + Level 0.7 Necromancy
 + Level 1.7 Translocations
 + Level 0.9 Transmutations
 + Level 1.3 Fire Magic
 + Level 0.7 Ice Magic
 + Level 0.7 Air Magic
 + Level 0.9 Earth Magic
 + Level 0.7 Poison Magic
 + Level 1.1 Invocations
 + Level 1.6 Evocations


You had 12 spell levels left.
You didn't know any spells.
Your spell library contained the following spells:

 Spells                   Type           Power      Damage    Failure   Level
 Slow                     Hex            4%         N/A       100%        1
 Confusing Touch          Hex            1%         N/A       100%        3
 Vampiric Draining        Necr           1%         2d6       100%        3
 Leda's Liquefaction      Hex/Erth       0%         N/A       100%        4
 Lee's Rapid Deconstruct  Erth           0%         3d5*      100%        5
 Statue Form              Tmut/Erth      0%         N/A       100%        6


Dungeon Overview and Level Annotations

Branches:
Dungeon (11/15)            Temple (1/1) D:6             Orc (0/2) D:10
   Lair: D:8-11

Altars:
Ashenzari
Cheibriados
Dithmenos
Elyvilon
Fedhas
Gozag
Hepliaklqana
Kikubaaqudgha
Makhleb
Nemelex Xobeh
Okawaru
Qazlal
Ru
Sif Muna
Trog
Uskayaw
Vehumet
Wu Jian
Xom
Yredelemnul
Zin
The Shining One

Shops:
D:1 =   D:3 (:*(*=   D:5 *   D:7 [=   D:8 !

Portals:
Trove: D:10 (show slimy rune of Zot)

Annotations:
D:11 Sonja


Innate Abilities, Weirdness & Mutations

Your life essence is reduced to manifest your ancestor. (-10% HP)
You have a pair of horns on your head.
You reflexively headbutt those who attack you in melee.
[You are very frail. (-20% HP)]
[You are very weak. (Str -4)]
[You sometimes lose the ability to read scrolls when taking damage.]


Message History

The thrashing horror completely misses you.
The thrashing horror barely misses you.
A quasit comes into view.
The thrashing horror tramples you.
You hold your ground!
The thrashing horror tramples you but does no damage.
The thrashing horror roars!
The thrashing horror tramples you but does no damage.
You block the thrashing horror's attack.
The thrashing horror roars!
You hear a roar!
The thrashing horror tramples you!
You feel threatened and lose the ability to read scrolls!
* * * LOW HITPOINT WARNING * * *
You stumble backwards!
A small abomination and a large abomination come into view.
The thrashing horror roars!
The thrashing horror tramples you but does no damage. x2
The thrashing horror roars!
You block the thrashing horror's attack.
The thrashing horror tramples you.
* * * LOW HITPOINT WARNING * * *
You hold your ground!
The neqoxec gestures at you.
Something tries to feed on your intellect!
The thrashing horror tramples you.
* * * LOW HITPOINT WARNING * * *
You stumble backwards!
The thrashing horror roars!
The thrashing horror tramples you.
* * * LOW HITPOINT WARNING * * *
You hold your ground!
The thrashing horror tramples you but does no damage.
The wretched star pulses with an eldritch light!
The thrashing horror tramples you.
* * * LOW HITPOINT WARNING * * *
You stumble backwards!
A starcursed mass comes into view.
The thrashing horror roars!
The thrashing horror completely misses you.
The thrashing horror tramples you.
You die...

.### ## ###... .
##.....#. ...#.....
.........# ..........#
..#.........# ..
............@###....
.........X...X.......
#.... ........#.#..X.
.#.............#.#....
...........3..x.......
............##......
........4......##.#..
# . .......#......
#..........##......


You could see a starcursed mass, a thrashing horror, a large abomination, a
neqoxec, a chaos spawn and a small abomination.

Vanquished Creatures
  Josephine (D:10)
  A two-headed ogre (D:9)
  An ugly thing (D:6)
  Psyche (D:10)
  A guardian mummy (D:10)
  Sigmund (D:3)
  A wyvern (D:7)
  3 wraiths (D:10)
  6 yaks (D:10)
  A steam dragon (D:9)
  Edmund (D:6)
  Menkaure (D:6)
  2 water moccasins (D:6)
  2 sky beasts
  2 orc warriors
  A necrophage (D:6)
  An ogre (D:7)
  2 centaurs (D:10)
  2 phantoms
  A kobold brigand (D:9)
  5 scorpions
  A howler monkey (D:5)
  A jelly (D:6)
  A hound (D:5)
  6 orc priests
  Jessica (D:2)
  2 iguanas
  2 orc wizards
  Terence (D:2)
  A killer bee zombie (D:7)
  2 howler monkey skeletons
  3 adders
  A shadow imp (D:6)
  4 ufetubi
  4 worms
  A dart slug (D:4)
  19 orcs
  4 endoplasms
  4 giant cockroaches
  5 goblins
  9 hobgoblins
  6 jackals
  11 kobolds
  7 quokkas
  5 ball pythons
  7 frilled lizards
  2 rats
147 creatures vanquished.

Vanquished Creatures (collateral kills)
  Joseph (D:10)
  A guardian mummy (D:10)
  4 wraiths
  9 yaks (D:10)
  2 shadows
  A steam dragon (D:8)
  A warg (D:10)
  An acid dragon (D:9)
  A water moccasin (D:6)
  2 orc warriors (D:10)
  2 ogres
  A centaur (D:9)
  A bullfrog (D:7)
  A howler monkey (D:9)
  An orc priest (D:10)
  A centaur skeleton (D:7)
  An orc wizard (D:9)
  A howler monkey zombie (D:8)
  2 orcs (D:10)
34 creatures vanquished.

Vanquished Creatures (others)
  A battlemage (D:10)
1 creature vanquished.

Grand Total: 182 creatures vanquished

Notes
Turn   | Place    | Note
-------+----------+-------------------------------------------
     0 | D:1      | issech the Minotaur Monk began the quest for the Orb.
     0 | D:1      | Reached XP level 1. HP: 19/19 MP: 0/0
   179 | D:1      | Reached XP level 2. HP: 24/27 MP: 1/1
   276 | D:1      | Reached skill level 4 in Axes
   714 | D:1      | Found Gotamuota's Jewellery Emporium.
   874 | D:2      | Reached XP level 3. HP: 30/33 MP: 2/2
   943 | D:2      | Noticed Jessica
   952 | D:2      | Killed Jessica
   954 | D:2      | Reached XP level 4. HP: 23/41 MP: 3/3
   992 | D:2      | Reached skill level 1 in Armour
  1500 | D:2      | Noticed Terence
  1513 | D:2      | Killed Terence
  1514 | D:2      | Reached skill level 1 in Maces & Flails
  1835 | D:3      | Noticed Sigmund
  1835 | D:3      | Found Rimuus's One-of-a-Kind Rings.
  1876 | D:3      | Found a sparkling altar of Nemelex Xobeh.
  1902 | D:3      | Reached XP level 5. HP: 37/47 MP: 4/4
  1942 | D:3      | Found Narhe Zapylo's Assorted Antiques.
  2061 | D:3      | Found Edeuviub's General Store.
  2094 | D:3      | Found Kinurhuv's Book Shop.
  2120 | D:3      | Found Qauts's Antique Weapon Shop.
  2227 | D:3      | Found Qithral's Weapon Shop.
  2305 | D:2      | Reached skill level 1 in Slings
  2479 | D:2      | Reached skill level 5 in Fighting
  2828 | D:3      | Killed Sigmund
  2829 | D:3      | Reached XP level 6. HP: 29/56 MP: 5/5
  4161 | D:5      | Entered Level 5 of the Dungeon
  4214 | D:5      | Noticed a sky beast
  4231 | D:5      | Killed a sky beast
  4232 | D:5      | Reached XP level 7. HP: 24/61 MP: 6/6
  4239 | D:5      | Found Oskopn's General Store.
  4245 | D:5      | Reached skill level 5 in Axes
  4554 | D:5      | You fall into a shaft and drop 2 floors!
  4665 | D:6      | Noticed Edmund
  4681 | D:6      | Killed Edmund
  4682 | D:6      | Reached skill level 5 in Slings
  5658 | D:6      | Noticed Menkaure
  5661 | D:6      | Killed Menkaure
  5662 | D:6      | Reached skill level 6 in Axes
  5662 | D:6      | Reached XP level 8. HP: 70/70 MP: 7/7
  5867 | D:6      | Reached skill level 7 in Axes
  5878 | D:6      | Found a staircase to the Ecumenical Temple.
  5903 | Temple   | Entered the Ecumenical Temple
  5911 | Temple   | Became a worshipper of Hepliaklqana the Forgotten
  5911 | Temple   | Reached * piety under Hepliaklqana
  5911 | Temple   | Reached ** piety under Hepliaklqana
  5912 | Temple   | Remembered your ancestor Illuratum as a battlemage
  6112 | D:6      | Reached skill level 5 in Armour
  6427 | D:6      | Reached skill level 8 in Axes
  6445 | D:6      | Noticed a green ugly thing
  6446 | D:6      | Found a shimmering blue altar of Sif Muna.
  6453 | D:6      | Killed a green ugly thing
  6454 | D:6      | Reached skill level 9 in Axes
  6454 | D:6      | Reached XP level 9. HP: 36/70 MP: 8/8
  6702 | D:6      | Found a basalt altar of Yredelemnul.
  6703 | D:6      | Found a glowing golden altar of the Shining One.
  6992 | D:7      | Reached skill level 5 in Dodging
  7081 | D:7      | Found Moinedd's Armour Boutique.
  7118 | D:7      | Found Xett's Jewellery Shop.
  7379 | D:7      | Found a faded altar of an unknown god.
  7379 | D:7      | Found an opulent altar of Gozag.
  7388 | D:7      | Found an ornate altar of the Wu Jian Council.
  7392 | D:7      | Reached skill level 10 in Axes
  7393 | D:7      | Found an iron altar of Okawaru.
  7395 | D:7      | Found a sacrificial altar of Ru.
  7879 | D:8      | Reached *** piety under Hepliaklqana
  8055 | D:8      | Found Wigatwiq's Distillery.
  8279 | D:9      | Noticed a two-headed ogre
  8287 | D:9      | Killed a two-headed ogre
  8288 | D:9      | Reached skill level 11 in Axes
  8554 | D:9      | Reached XP level 10. HP: 69/79 MP: 7/9
  9288 | D:10     | Entered Level 10 of the Dungeon
  9518 | D:10     | Noticed Joseph
  9539 | D:10     | Killed Joseph
  9540 | D:10     | Reached skill level 1 in Throwing
  9817 | D:10     | Found a staircase to the Orcish Mines.
  9842 | D:10     | Reached skill level 1 in Shields
 10321 | D:10     | Found a portal to a secret trove of treasure.
 10331 | D:10     | Reached skill level 12 in Axes
 10684 | D:10     | Noticed Psyche
 10691 | D:10     | Killed Psyche
 10703 | D:10     | Reached skill level 1 in Short Blades
 10703 | D:10     | Reached skill level 1 in Long Blades
 10703 | D:10     | Reached skill level 1 in Polearms
 10703 | D:10     | Reached skill level 1 in Staves
 10703 | D:10     | Reached skill level 1 in Bows
 10703 | D:10     | Reached skill level 1 in Crossbows
 10703 | D:10     | Reached skill level 1 in Unarmed Combat
 10703 | D:10     | Reached skill level 1 in Translocations
 10703 | D:10     | Reached skill level 1 in Fire Magic
 10703 | D:10     | Reached skill level 1 in Invocations
 10703 | D:10     | Reached skill level 1 in Evocations
 10703 | D:10     | Reached XP level 11. HP: 79/85 MP: 10/10
 10726 | D:10     | Noticed Josephine
 10735 | D:10     | Killed Josephine
 11065 | D:10     | Reached skill level 13 in Axes
 11210 | D:10     | Reached XP level 12. HP: 83/93 MP: 9/11
 11496 | D:11     | Noticed Sonja
 11498 | D:11     | Cast into level 1 of the Abyss (Sonja)
 11498 | Abyss:1  | Found an opulent altar of Gozag.
 11589 | Abyss:1  | HP: 3/73 [thrashing horror (2)]
 11589 | Abyss:1  | Noticed a starcursed mass
 11590 | Abyss:1  | Slain by a thrashing horror

Illustrated notes

Levels and vault maps discovered:
D:1:      minmay_arrival_three_doors, layout_basic, serial_shops,
          nicolae_shop_crystal
D:2:      layout_rooms, uniq_jessica, uniq_terence
D:3:      layout_basic, mainiacjoe_overflow_24_doors, serial_shops, shop, shop,
          shop, nicolae_shop_crystal, shop, nicolae_shop_unique_rings,
          uniq_sigmund
D:4:      layout_loops_cross, minmay_crystal_water
D:5:      nicolae_cairo_tiling_large_dashed, layout_loops_ring,
          cheibrodos_sewer_entry_bend, serial_shops, shop_statue,
          kennysheep_generic_room_6
D:6:      layout_loops_ring, minitemple, minmay_temple_entry_proselytizer,
          uniq_edmund, uniq_menkaure
D:7:      layout_cave_pools, chequers_temple_overflow_minitemple, serial_shops,
          nicolae_shop_waterfront, kennysheep_small_square
D:8:      layout_basic, serial_shops, nicolae_shop_stone
D:9:      layout_loops_ring, serial_aquarium, aquarium_bridge_square
          [aquarium_subvault_window, aquarium_subvault_window,
          aquarium_subvault_bridge, aquarium_subvault_wall], aquarium_window_1,
          aquarium_window_3, aquarium_window_corner, aquarium_view_2c,
          aquarium_pool_2
D:10:     layout_roguey, erik_orc_3, nicolae_trove_entry_path_of_doom,
          uniq_joseph, uniq_josephine, uniq_psyche
D:11:     layout_cave_pools, erik_lair_dragon, tgw_trog, uniq_erolcha,
          uniq_sonja, uniq_erica
Temple:   eino_narrow_crystal_temple
Abyss:1:  base:
D:3

Skill      XL: |  1  2  3  4  5  6  7  8  9 10 11 |
---------------+----------------------------------+-----
Fighting       | 4 5 6 7 8 9 |  9.4
Axes           | 4 6 9 11 12 13 | 13.3
Armour         | 1 2 3 4 5 7 8 9 |  9.2
Maces & Flails | 1 2 |  2.6
Slings         | 3 4 5 |  5.4
Dodging        | 4 5 6 |  6.5
Stealth        | 2 3 4 |  4.5
Throwing       | 1 2 |  2.2
Shields        | 2 3 |  3.2
Short Blades   | 1 |  1.2
Long Blades    | 1 |  1.4
Polearms       | 1 |  1.4
Staves         | 1 |  1.4
Bows           | 1 |  1.2
Crossbows      | 1 |  1.2
Unarmed Combat | 1 |  1.7
Translocations | 1 |  1.7
Fire Magic     | 1 |  1.3
Invocations    | 1 |  1.1
Evocations     | 1 |  1.6
Spellcasting   | |  0.6
Conjurations   | |  0.7
Hexes          | |  0.6
Summonings     | |  0.7
Necromancy     | |  0.7
Transmutations | |  0.9
Ice Magic      | |  0.7
Air Magic      | |  0.7
Earth Magic    | |  0.9
Poison Magic   | |  0.7

Action                   |  1- 3 |  4- 6 |  7- 9 | 10-12 || total
-------------------------+-------+-------+-------+-------++-------
Melee: Hand axe          |    37 |       |       |       ||    37
       Headbutt          |     8 |     9 |    29 |    50 ||    96
       Whip              |    27 |    65 |       |       ||    92
       Punch             |     2 |       |       |       ||     2
       War axe           |       |    26 |   123 |   164 ||   313
 Fire: Hunting sling     |       |    68 |       |       ||    68
Throw: Boomerang         |       |       |     2 |     1 ||     3
       Stone             |       |       |     2 |       ||     2
Invok: Ancestor Life: Ba |       |       |     1 |       ||     1
Evoke: Wand              |       |       |       |     2 ||     2
  Use: Scroll            |       |     6 |     3 |     3 ||    12
       Potion            |       |       |       |     1 ||     1
 Stab: Sleeping          |       |     1 |     3 |     1 ||     5
       Distracted        |       |       |       |     4 ||     4
Armor: Robe              |     1 |       |       |       ||     1
       Chain mail        |    27 |    14 |       |       ||    41
       Ring mail         |       |    55 |    43 |    19 ||   117
       Plate armour      |       |       |       |   109 ||   109
Dodge: Dodged            |    40 |    76 |    64 |    90 ||   270
Block: Buckler           |       |       |       |    57 ||    57
